 Dungeon Crawl Stone Soup version 0.30.1-9-gdf580d7c3d (webtiles) character file.

Game seed: 18074752529328254684

207066 Zeor the Bludgeoner (level 18, -2/193 HPs)
             Began as a Gargoyle Berserker on Sept 14, 2023.
             Was the Champion of Trog.
             Slain by an emperor scorpion (15 damage)
             ... on level 2 of the Spider Nest on Oct 11, 2023.
             The game lasted 01:59:44 (28712 turns).

Zeor the Bludgeoner (Gargoyle Berserker)           Turns: 28712, Time: 01:59:45

Health: -2/193     AC: 49    Str: 34    XL:     18   Next: 74%
Magic:  0/9        EV: 10    Int:  9    God:    Trog [******]
Gold:   1748       SH:  0    Dex: 13    Spells: 17/17 levels left

rFire   + + .        a - +4 eveningstar (heavy)
rCold   + + +        (no shield)
rNeg    + + .        A - +2 plate armour {rF+}
rPois   ∞            W - +2 hat
rElec   +            L - +2 cloak {Stlth+}
rCorr   +            U - +2 pair of gloves
SInv    .            h - +0 pair of boots {Fly}
Will    ++...        V - amulet "Unoahyh" {Spirit Fly Regen+ Stlth+} Stlth
                     j - ring "Tatiqu" {rC+++ MP-9 AC+4 Str+3 Dex+4}
HPRegen 1.32/turn    Z - ring of Vucoh {rF+ rN+ Will+ rCorr Str+3}
MPRegen 0.11/turn

%: guardian spirit
@: confused, berserking (expiring), flying, very quick
A: sickness immunity, AC +13, big wings, negative energy resistance 1,
electricity resistance, torment resistance 1, petrification resistance, talons 1
}: 1/15 runes: decaying
a: Renounce Religion, Berserk, Trog's Hand, Brothers in Arms


You were on level 2 of the Spider Nest.
You worshipped Trog.
Trog was exalted by your worship.
You visited 5 branches of the dungeon, and saw 28 of its levels.
You also visited: Ossuary, Gauntlet, Ice Cave and Volcano.

You collected 2558 gold pieces.
You spent 810 gold pieces at shops.

Inventory:

Hand Weapons
 a - a +4 heavy eveningstar (weapon)
 b - a +4 antimagic great mace
 u - a +4 morningstar
 O - a +4 great mace of flaming
 R - a +4 dire flail
 S - a +0 demon whip of venom
Missiles
 g - 2 throwing nets (quivered)
 p - 14 atropa-tipped darts
 r - 52 poisoned darts
 D - 6 curare-tipped darts
Armour
 h - a +0 pair of boots of flying (worn)
 v - the +1 pair of boots of the Realm of Zot {rF+ Str-4 Int+3}
   (You found it on level 10 of the Dungeon)

   Str:       It affects your strength (-4).
   Int:       It affects your intelligence (+3).
   rF:        It protects you from fire.
 A - a +2 plate armour of fire resistance (worn)
 E - a +0 chain mail of willpower
 L - a +2 cloak of stealth (worn)
 U - a +2 pair of gloves (worn)
 W - a +2 hat (worn)
Jewellery
 j - the ring "Tatiqu" (left hand) {rC+++ MP-9 AC+4 Str+3 Dex+4}
   (You found it in a Gauntlet)

   [ring of protection]

   AC:        It affects your AC (+4).
   Str:       It affects your strength (+3).
   Dex:       It affects your dexterity (+4).
   rC:        It renders you almost immune to cold.
   MP:        It affects your magic capacity (-9).
 q - the amulet "Liumesk" {Spirit rF++ MP+9 Str-3 Dex+3}
   (You found it in an ice cave)

   [amulet of guardian spirit]

   It causes incoming damage to be divided between your reserves of health and
   magic.
   Str:       It affects your strength (-3).
   Dex:       It affects your dexterity (+3).
   rF:        It greatly protects you from fire.
   MP:        It affects your magic capacity (+9).
 V - the amulet "Unoahyh" (around neck) {Spirit Fly Regen+ Stlth+}
   (You found it on level 5 of the Lair of Beasts)

   [amulet of guardian spirit]

   It causes incoming damage to be divided between your reserves of health and
   magic.
   Fly:       It grants you flight.
   Regen:     It increases your rate of health regeneration.
   Stlth:     It makes you more stealthy.
 Y - the amulet of Reoptir {RegenMP Will+}
   (You found it in an ice cave)

   [amulet of magic regeneration]

   It increases your rate of magic regeneration.
   Will:      It increases your willpower.
 Z - the ring of Vucoh (right hand) {rF+ rN+ Will+ rCorr Str+3}
   (You found it in an ice cave)

   [ring of resist corrosion]

   Str:       It affects your strength (+3).
   rF:        It protects you from fire.
   rN:        It protects you from negative energy.
   rCorr:     It protects you from acid and corrosion.
   Will:      It increases your willpower.
Wands
 o - a wand of polymorph (3)
 y - a wand of flame (59)
 z - a wand of iceblast (34)
 C - a wand of quicksilver (18)
 G - a wand of digging (13)
 H - a wand of paralysis (33)
 N - a wand of mindburst (18)
Scrolls
 f - 2 scrolls of enchant weapon
 k - 8 scrolls of magic mapping
 n - 5 scrolls of fog
 s - 3 scrolls of torment
 x - 5 scrolls of blinking
 F - 15 scrolls of teleportation
 I - 2 scrolls of fear
 K - 11 scrolls of immolation
 M - 4 scrolls of poison
Potions
 c - 5 potions of invisibility
 e - 11 potions of curing
 i - 2 potions of mutation
 l - 5 potions of resistance
 m - 10 potions of haste
 t - 7 potions of magic
 w - a potion of lignification
 B - 4 potions of might
 J - 7 potions of ambrosia
 P - a potion of cancellation
 T - 2 potions of heal wounds
Miscellaneous
 d - a tin of tremorstones (2/2)
 X - a phial of floods


   Skills:
 * Level 20.0 Fighting
 + Level 20.9 Maces & Flails
 + Level 0.3 Throwing
 * Level 17.9 Armour
 + Level 4.2 Dodging
 + Level 3.6 Stealth
 + Level 3.9 Shields
 * Level 6.0 Evocations


You had 17 spell levels left.
You didn't know any spells.
Your spell library was empty.

Dungeon Overview and Level Annotations

Branches:
Dungeon (15/15)            Temple (0/1) D:7            Lair (5/5) D:11
  Swamp (4/4) Lair:2       Spider (2/4) Lair:3        Slime (0/5) Lair:4
    Orc (2/2) D:10            Elf (0/3) Orc:2        Vaults (0/5) D:14
 Depths (0/4) D:15        Ossuary (visited)           IceCv (visited)
Volcano (visited)         Gauntlet (visited)

Altars:
Ashenzari
Cheibriados
Fedhas
Kikubaaqudgha
Ru
Trog
Vehumet
Wu Jian
Xom
Yredelemnul
Jiyva

Shops:
D:4 **:   D:7 :   Orc:2 *(?=

Portals:
Pandemonium: Orc:2

Annotations:
Spider:2 1 transporter, robotcentaur's ghost, adept TeNe


Innate Abilities, Weirdness & Mutations

You are immune to sickness and miasma.
Your stone body is resilient. (AC +13)
You are immune to poison.
Your large and strong wings let you fly.
You resist negative energy. (rN+)
You are resistant to electric shocks. (rElec)
You are resistant to unholy torment.
You are immune to petrification.
You have sharp toenails.


Message History

The emperor scorpion stings you but does no damage.
The emperor scorpion claws you but does no damage. x2
The tarantella touches you.
* * * LOW HITPOINT WARNING * * *
You bump into the rock wall.
The jumping spider barely misses you. x2
The wolf spider hits you but does no damage.
The wolf spider bites you!
* * * LOW HITPOINT WARNING * * *
The tarantella touches you but does no damage.
The emperor scorpion stings you but does no damage.
The emperor scorpion claws you but does no damage. x2
The jumping spider pounces on you!
* * * LOW HITPOINT WARNING * * *
The jumping spider bites you but does no damage.
The spark wasp stings you but does no damage.
The spark wasp closely misses you.
The wolf spider hits you but does no damage.
The wolf spider bites you but does no damage.
Enter note: oops You bump into the rock wall.
You feel a strong urge to attack something.
The tarantella touches you but does no damage.
The jumping spider pounces on you!
* * * LOW HITPOINT WARNING * * *
The jumping spider closely misses you.
The wolf spider hits you but does no damage.
The wolf spider bites you but does no damage.
The emperor scorpion stings you but does no damage.
The emperor scorpion claws you but does no damage. x2
The spark wasp stings you but does no damage. x2
The tarantella barely misses you.
Unknown command.
You closely miss the spark wasp.
The spark wasp is severely wounded.
The jumping spider pounces on you but does no damage.
The jumping spider bites you but does no damage.
The wolf spider misses you. The wolf spider bites you.
* * * LOW HITPOINT WARNING * * *
The emperor scorpion stings you!
You die...

∙ ▒▒▒∙∙∙∙∙∙∙▒▒▒ ∙∙▒
▒▒∙∙∙▒▒▒▒▒∙∙∙▒ ▒~≈
▒▒∙∙▒▒▒∙∙∙▒▒▒∙▒
▒~~▒∙∙▒▒∙∙∙∙∙$∙▒∙▒
▒∙∙∙∙▒∙∙▒∙▒∙∙∙▒∙▒▒
∙∙∙∙∙∙▒∙▒∙∙▒∙▒∙∙∙▒∙∙▒ ▒
▒∙∙∙▒▒▒∙▒▒?∙∙∙∙▒∙▒▒∙▒ ▒
∙▒▒▒▒∙▒∙∙▒)s▒s∙∙▒∙▒∙▒ ▒
▒∙▒∙∙∙∙∙∙s▒!s9y▒ ▒∙▒
∙∙∙∙∙∙∙∙∙∙∙▒?▒sys∙∙▒▒∙▒▒
∙∙∙▒∙▒∙∙▒~∙▒▒?▒yWy▒∙▒Ω∙∙▒
▒∙▒ ▒∙▒▒^▒~∙▒ ∙▒∙▒▒∙∙▒▒∙^▒
∙▒▒▒▒∙∙▒∙▒∙∙▒∙▒∙∙∙▒∙∙∙▒∙∙▒
∙∙∙▒∙∙∙▒∙^∙∙▒▒∙∙▒∙s∙∙▒▒∙∙▒
▒∙▒▒∙▒∙∙∙∙∙∙ ∙∙∙Ω∙∙▒▒∙∙∙▒
∙∙∙∙∙▒∙▒∙▒▒▒ ▒▒∙▒▒▒▒▒∙∙∙∙▒
∙∙∙∙▒▒∙∙∙∙▒ ▒∙∙∙∙∙▒∙▒▒


You could see an emperor scorpion (berserk), 2 spark wasps, 2 wolf spiders, a
moth of wrath, a hornet (berserk), a jumping spider (berserk), a tarantella
(berserk), a redback (berserk) and robotcentaur's ghost.

Vanquished Creatures
  Mara (Swamp:4)
  5 thorn hunters
  Frances (Swamp:2)
  Gastronok (Lair:1)
  Kirke (Swamp:1)
  Roxanne (D:15)
  3 azure jellies (IceCv)
  A rockslime (IceCv)
  Aizul (Spider:2)
  2 hydra skeletons (Swamp:4)
  A broodmother (Spider:1)
  6 quicksilver oozes (IceCv)
  2 vampire knights (Swamp:4)
  4 eleionomae
  Nessos (Lair:4)
  A minotaur (Gauntlet)
  3 bunyips
  A fire dragon (Volcano)
  Josephine (D:15)
  2 shambling mangroves (Swamp:4)
  A rakshasa (D:15)
  2 ghost crabs
  15 hydras
  An anaconda (shapeshifter) (D:14)
  2 demonspawn (Orc:2)
  A catoblepas (Lair:5)
  Erica (Lair:2)
  6 centaur warriors
  5 death yaks (Lair:5)
  11 two-headed ogres
  10 boulder beetles
  8 alligators
  A hell hog (Gauntlet)
  A tengu warrior (D:15)
  A deep troll shaman (Lair:5)
  5 orc high priests (Orc:2)
  Nergalle (Lair:2)
  Sonja (D:13)
  5 spriggans
  2 skysharks
  A fire crab (shapeshifter) (D:15)
  4 pharaoh ants
  Amaemon (Lair:2)
  11 skeletal warriors
  A death drake (Swamp:3)
  6 goliath frogs
  2 orb spiders (Spider:1)
  A glowing orange brain (D:15)
  3 spectral hydras (Swamp:4)
  3 spriggan druids
  8 swamp dragons
  An orange crystal statue (IceCv)
  4 bog bodies
  4 lindwurms
  A wizard (Gauntlet)
  A harpy (shapeshifter) (D:14)
  3 steelbarb worms
  6 orc knights (Orc:2)
  3 wolf spiders
  9 orc sorcerers (Orc:2)
  4 oklob plants
  20 ugly things
  3 cyclopes
  A will-o-the-wisp (Swamp:3)
  15 elephants
  3 manticores
  A moth of wrath (Spider:1)
  5 black mambas
  Maurice (D:9)
  A water nymph (shapeshifter) (D:15)
  A rust devil (Orc:2)
  An orange demon (Lair:2)
  A demonic crawler (Spider:1)
  A smoke demon (Volcano)
  12 cane toads
  4 gargoyles
  An unseen horror (D:11)
  8 komodo dragons
  8 kobold demonologists
  5 yaktaurs (D:15)
  2 tengu conjurers
  6 trolls
  2 polar bears
  3 death drake zombies (Swamp:4)
  6 tarantellas
  8 hornets
  A bloated husk (Swamp:1)
  7 tyrant leeches
  2 death drake skeletons (Swamp:4)
  7 blink frogs
  3 hydra zombies (Swamp:4)
  14 dream sheep
  11 jumping spiders
  10 slime creatures
  A centaur simulacrum (D:14)
  2 culicivoras (Spider:1)
  4 water elementals (D:14)
  A shadow (D:7)
  4 wyverns
  6 wraiths
  Eustachio (D:6)
  80 yaks
  2 vampires
  2 basilisks
  A hog (Swamp:1)
  16 vampire mosquitoes
  2 chaos spawn (Orc:2)
  3 fire bats (Gauntlet)
  6 steam dragons
  22 redbacks
  6 wargs
  4 acid dragons
  18 swamp worms
  16 water moccasins
  5 hell hounds
  3 hydra simulacra (Swamp:4)
  6 swamp drakes
  An ice beast (D:7)
  3 black bears
  27 orc warriors
  2 swamp dragon zombies (Swamp:4)
  2 great orb of eyes simulacra (IceCv)
  5 ogres
  20 wolves
  6 centaurs
  An ogre (shapeshifter) (D:14)
  3 phantoms
  5 slime creature simulacra (IceCv)
  A swamp dragon skeleton (Swamp:4)
  Blork the orc (D:5)
  4 elf zombies (Ossuary)
  5 kobold brigands
  12 bullfrogs
  3 gnoll sergeants
  3 scorpions
  4 jellies
  3 glowing shapeshifter simulacra (IceCv)
  14 wights
  8 killer bees
  3 howler monkeys (D:9)
  2 electric eels
  A centaur zombie (Ossuary)
  A hound (D:6)
  A gnoll bouda (D:4)
  21 orc priests
  4 sleepcaps
  2 human zombies (Ossuary)
  3 iguanas
  24 orc wizards
  4 mummies
  27 gnolls
  9 adders
  4 shadow imps
  2 white imps (D:8)
  An adder zombie (Ossuary)
  4 dart slugs
  75 orcs
  6 ball pythons
  5 endoplasms
  13 giant cockroaches
  10 goblins
  6 hobgoblins
  3 jackals
  4 quokkas
  5 bats
  2 frilled lizards (D:2)
  A goblin zombie (Ossuary)
  12 hobgoblin zombies (Ossuary)
  26 kobolds
  9 kobold zombies (Ossuary)
  5 orc zombies (Ossuary)
  8 rats
  2 rat zombies (Ossuary)
1019 creatures vanquished.

Vanquished Creatures (collateral kills)
  A thorn hunter (Swamp:4)
  A shambling mangrove (Swamp:4)
  A centaur warrior (D:14)
  2 spriggan druids (Swamp:4)
  2 lindwurms (Volcano)
  2 hornets (Swamp:4)
  6 slime creatures (IceCv)
  6 yaks (Lair:3)
  A black bear (Lair:3)
  A great orb of eyes simulacrum (IceCv)
  4 centaurs (D:14)
  A glowing shapeshifter simulacrum (IceCv)
28 creatures vanquished.

Vanquished Creatures (others)
  An alligator (Swamp:2)
  A skeletal warrior (D:15)
  2 bloated husks
  A frilled lizard (D:3)
  A rat (D:3)
  2 foxfires (Swamp:3)
8 creatures vanquished.

Grand Total: 1055 creatures vanquished

Notes
Turn   | Place    | Note
-------+----------+-------------------------------------------
     0 | D:1      | Zeor the Gargoyle Berserker began the quest for the Orb.
     0 | D:1      | Reached XP level 1. HP: 14/14 MP: 1/1
    77 | D:1      | Reached XP level 2. HP: 16/19 MP: 2/2
   239 | D:1      | Reached XP level 3. HP: 22/23 MP: 3/3
   292 | D:1      | Reached ** piety under Trog
   775 | D:2      | Reached XP level 4. HP: 28/28 MP: 4/4
  1176 | D:2      | Reached XP level 5. HP: 33/33 MP: 5/5
  2035 | D:3      | Found a shimmering altar of Xom.
  2043 | D:3      | Reached skill level 5 in Maces & Flails
  2052 | D:3      | Reached XP level 6. HP: 38/38 MP: 6/6
  2701 | D:4      | Found a radiant altar of Vehumet.
  2729 | D:4      | Reached *** piety under Trog
  2801 | D:4      | Found Odghifru's Specific Store.
  2804 | D:4      | Found Vucerriv's General Store.
  2834 | D:4      | Found Sig Niodd's Vocational Training.
  3328 | D:5      | Entered Level 5 of the Dungeon
  3333 | D:5      | Found an ancient bone altar of Kikubaaqudgha.
  3384 | D:5      | Noticed Blork the orc
  3396 | D:5      | Killed Blork the orc
  3397 | D:5      | Reached XP level 7. HP: 26/43 MP: 7/7
  3433 | D:5      | Found a sand-covered staircase.
  3442 | Ossuary  | Entered an ossuary
  3603 | Ossuary  | Reached **** piety under Trog
  3829 | Ossuary  | Reached XP level 8. HP: 48/48 MP: 8/8
  3948 | D:5      | Reached skill level 1 in Shields
  4153 | D:5      | Reached skill level 5 in Armour
  4987 | D:6      | Reached XP level 9. HP: 53/53 MP: 9/9
  4992 | D:6      | Reached skill level 5 in Fighting
  5156 | D:6      | Noticed Eustachio
  5204 | D:6      | Killed Eustachio
  5385 | D:6      | Reached skill level 10 in Maces & Flails
  5975 | D:7      | Found a staircase to the Ecumenical Temple.
  6159 | D:4      | Bought a +2 plate armour of fire resistance for 440 gold
                  | pieces
  6252 | D:7      | Found Oruguve's Book Emporium.
  6260 | D:7      | Reached skill level 1 in Stealth
  6514 | D:7      | Upgraded the game from 0.30.1-4-g462c640d31 to
                  | 0.30.1-6-gbe392663c4
  6647 | D:7      | Reached XP level 10. HP: 59/60 MP: 10/10
  6908 | D:7      | Reached ***** piety under Trog
  6914 | D:7      | Noticed a boulder beetle
  6915 | D:7      | Noticed a two-headed ogre
  6918 | D:7      | Noticed a two-headed ogre
  6932 | D:7      | Killed a boulder beetle
  6943 | D:7      | Killed a two-headed ogre
  6952 | D:7      | Killed a two-headed ogre
  7297 | D:8      | Found a snail-covered altar of Cheibriados.
  7481 | D:8      | Identified the +5 sling of Qarhupp {elec, Str+3}
  7815 | D:8      | Reached XP level 11. HP: 66/66 MP: 11/11
  7816 | D:8      | Noticed a centaur warrior
  7825 | D:8      | Killed a centaur warrior
  7826 | D:8      | Noticed a brown ugly thing
  7834 | D:8      | Killed a brown ugly thing
  8069 | D:8      | Found an ornate altar of the Wu Jian Council.
  8511 | D:9      | Found a basalt altar of Yredelemnul.
  8511 | D:9      | Noticed Maurice
  8521 | D:9      | Killed Maurice
  8631 | D:9      | Noticed a two-headed ogre
  8645 | D:9      | Killed a two-headed ogre
  9617 | D:9      | Reached skill level 10 in Armour
  9763 | D:10     | Entered Level 10 of the Dungeon
  9791 | D:10     | Reached XP level 12. HP: 73/73 MP: 12/12
  9823 | D:10     | Noticed a two-headed ogre
  9834 | D:10     | Killed a two-headed ogre
  9953 | D:10     | Received a gift from Trog
  9954 | D:10     | Reached skill level 15 in Maces & Flails
 10026 | D:10     | Identified the +1 pair of boots of the Realm of Zot {rF+
                  | Str-4 Int+3}
 10270 | D:10     | Noticed a two-headed ogre
 10280 | D:10     | Killed a two-headed ogre
 10689 | D:10     | Found a staircase to the Orcish Mines.
 10771 | D:11     | Noticed a two-headed ogre
 10784 | D:11     | Killed a two-headed ogre
 10820 | D:11     | Noticed a boulder beetle
 10860 | D:11     | Killed a boulder beetle
 11030 | D:11     | Noticed a boulder beetle
 11050 | D:11     | Killed a boulder beetle
 11494 | D:11     | Noticed a boulder beetle
 11632 | D:11     | Killed a boulder beetle
 11699 | D:11     | Found a staircase to the Lair.
 12045 | Lair:1   | Entered Level 1 of the Lair of Beasts
 12045 | Lair:1   | Found a dark tunnel.
 12062 | Volcano  | Entered a volcano
 12134 | Volcano  | Reached XP level 13. HP: 11/80 MP: 2/13
 12492 | Volcano  | Noticed a fire dragon
 12502 | Volcano  | Killed a fire dragon
 12658 | Lair:1   | Noticed Gastronok
 12694 | Lair:1   | Killed Gastronok
 12695 | Lair:1   | Reached skill level 10 in Fighting
 13376 | Lair:2   | Noticed Nergalle
 13384 | Lair:2   | Killed Nergalle
 13796 | Lair:2   | Noticed Erica
 13798 | Lair:2   | Noticed Amaemon
 13828 | Lair:2   | Killed Amaemon
 13829 | Lair:2   | Killed Erica
 14315 | Lair:2   | Found a staircase to the Swamp.
 14775 | Lair:3   | Found a sacrificial altar of Ru.
 15215 | Lair:3   | Received a gift from Trog
 15223 | Lair:3   | Gained mutation: Your large and strong wings let you fly.
                  | [Gargoyle growth]
 15223 | Lair:3   | Reached XP level 14. HP: 28/90 MP: 4/14
 15576 | Lair:3   | Found a hole to the Spider Nest.
 16210 | Lair:4   | Upgraded the game from 0.30.1-6-gbe392663c4 to
                  | 0.30.1-9-gdf580d7c3d
 16930 | Lair:4   | Received a gift from Trog
 17217 | Lair:4   | Found a viscous altar of Jiyva.
 17218 | Lair:4   | Found a staircase to the Slime Pits.
 17281 | Lair:4   | Noticed Nessos
 17290 | Lair:4   | Killed Nessos
 17600 | Lair:5   | Entered Level 5 of the Lair of Beasts
 18191 | Lair:5   | Reached XP level 15. HP: 99/99 MP: 15/15
 18246 | Lair:5   | Identified the amulet "Unoahyh" {Spirit Fly Regen+ Stlth+}
 18393 | Lair:5   | Received a gift from Trog
 18881 | Lair:5   | Reached skill level 15 in Armour
 19053 | Orc:1    | Entered Level 1 of the Orcish Mines
 19065 | Orc:1    | Reached ****** piety under Trog
 19312 | Orc:2    | Entered Level 2 of the Orcish Mines
 19340 | Orc:2    | Found a bloodstained altar of Trog.
 19371 | Orc:2    | Found a staircase to the Elven Halls.
 19560 | Orc:2    | Found Ampinax's Magic Scroll Emporium.
 19562 | Orc:2    | Found Lomut's General Store.
 19698 | Orc:2    | Bought a scroll of teleportation for 48 gold pieces
 19698 | Orc:2    | Bought a scroll of identify for 32 gold pieces
 19698 | Orc:2    | Bought a scroll of identify for 32 gold pieces
 19698 | Orc:2    | Bought a scroll of teleportation for 48 gold pieces
 19702 | Orc:2    | Bought 2 scrolls of blinking for 210 gold pieces
 20026 | Orc:2    | Received a gift from Trog
 20051 | Orc:2    | Found Zytiur's Antique Weapon Boutique.
 20051 | Orc:2    | Found Xiruj's Jewellery Shop.
 20051 | Orc:2    | Found a one-way gate leading to the halls of Pandemonium.
 20611 | D:12     | You are sucked into a shaft and drop 2 floors!
 20638 | D:14     | Reached skill level 15 in Fighting
 20683 | D:14     | Found a gate leading to a gauntlet.
 20687 | D:14     | Found a gate to the Vaults.
 20695 | Gauntlet | Entered a Gauntlet
 20695 | Gauntlet | Found a transporter.
 20695 | Gauntlet | Found a transporter.
 20711 | Gauntlet | Found a transporter.
 20713 | Gauntlet | Found a transporter.
 20725 | Gauntlet | Found a transporter.
 20727 | Gauntlet | Found a transporter.
 20729 | Gauntlet | Found a large runed translucent door.
 20730 | Gauntlet | Found a large runed translucent door.
 20731 | Gauntlet | Found a large runed translucent door.
 20731 | Gauntlet | Found a large runed translucent door.
 20731 | Gauntlet | Found a runed translucent door.
 20732 | Gauntlet | Found a large runed translucent door.
 20735 | Gauntlet | Noticed a balrug
 20736 | Gauntlet | Found a large runed translucent door.
 20736 | Gauntlet | Found a large runed translucent door.
 20736 | Gauntlet | Found a large runed translucent door.
 20737 | Gauntlet | Found a runed translucent gate.
 20738 | Gauntlet | Found a transporter.
 20738 | Gauntlet | Found a runed translucent gate.
 20738 | Gauntlet | Found a transporter.
 20739 | Gauntlet | Found a transporter.
 20743 | Gauntlet | Found a transporter.
 20763 | Gauntlet | Found a runed translucent gate.
 20764 | Gauntlet | Found a large runed translucent door.
 20764 | Gauntlet | Found a large runed translucent door.
 20765 | Gauntlet | Found a large runed translucent door.
 20766 | Gauntlet | Found a large runed translucent door.
 20775 | Gauntlet | Found a large runed translucent door.
 20775 | Gauntlet | Found a large runed translucent door.
 20775 | Gauntlet | Found a runed translucent door.
 20776 | Gauntlet | Found a large runed translucent door.
 20777 | Gauntlet | Found a large runed translucent door.
 20796 | Gauntlet | Found a transporter.
 20800 | Gauntlet | Found a transporter.
 20929 | Gauntlet | Identified the ring "Tatiqu" {rC+++ MP-9 AC+4 Str+3 Dex+4}
 21104 | D:14     | Gained mutation: You have sharp toenails. [a shining eye]
 21116 | D:14     | Reached XP level 16. HP: 93/108 MP: 5/16
 21829 | D:12     | Received a gift from Trog
 22519 | D:13     | Noticed Sonja
 22532 | D:13     | Killed Sonja
 23057 | D:14     | Reached skill level 1 in Evocations
 23432 | D:15     | Entered Level 15 of the Dungeon
 23432 | D:15     | Found a broken altar of Ashenzari.
 23466 | D:15     | Found a frozen archway.
 23527 | IceCv    | Entered an ice cave
 23697 | IceCv    | Received a gift from Trog
 23751 | IceCv    | Noticed an azure jelly
 23874 | IceCv    | Found a viscous altar of Jiyva.
 23874 | IceCv    | Noticed an azure jelly
 23875 | IceCv    | Noticed an azure jelly
 23887 | IceCv    | Killed an azure jelly
 23899 | IceCv    | Killed an azure jelly
 23899 | IceCv    | Noticed an azure jelly
 23899 | IceCv    | Noticed a rockslime
 23917 | IceCv    | Killed an azure jelly
 23930 | IceCv    | Killed a rockslime
 23966 | IceCv    | Identified the amulet of Reoptir {RegenMP Will+}
 23970 | IceCv    | Identified the ring of Vucoh {rF+ rN+ Will+ rCorr Str+3}
 23974 | IceCv    | Identified the amulet "Liumesk" {Spirit rF++ MP+9 Str-3
                  | Dex+3}
 24135 | D:15     | Noticed Josephine
 24145 | D:15     | Killed Josephine
 24146 | D:15     | Reached XP level 17. HP: 116/117 MP: 8/17
 24237 | D:15     | Found a staircase to the Depths.
 24297 | D:15     | Identified Roxanne's Directory of Transmogrification
 24297 | D:15     | Noticed Roxanne
 24305 | D:15     | Killed Roxanne
 24872 | Swamp:1  | Entered Level 1 of the Swamp
 24873 | Swamp:1  | Noticed Kirke
 24888 | Swamp:1  | Killed Kirke
 25080 | Swamp:1  | Identified the +4 scale mail "Kihaw" {Int+3}
 25102 | Swamp:1  | Received a gift from Trog
 25444 | Swamp:2  | Noticed Frances
 25446 | Swamp:2  | Found a shimmering altar of Xom.
 25463 | Swamp:2  | Killed Frances
 26490 | Swamp:4  | Entered Level 4 of the Swamp
 26698 | Swamp:4  | Reached skill level 5 in Evocations
 26844 | Swamp:4  | Reached XP level 18. HP: 121/127 MP: 9/18
 26888 | Swamp:4  | Noticed Mara
 26896 | Swamp:4  | Noticed Zeor's illusion
 26899 | Swamp:4  | Killed Mara
 26911 | Swamp:4  | Received a gift from Trog
 27025 | Swamp:4  | Identified the +8 tower shield of Hepliaklqana's Esteem
                  | {rElec rC- Str+8 Dex-3}
 27354 | Swamp:4  | Found a blossoming altar of Fedhas.
 27414 | Swamp:4  | Found a basalt altar of Yredelemnul.
 27575 | Swamp:4  | Got a decaying rune of Zot
 27715 | Spider:1 | Entered Level 1 of the Spider Nest
 28159 | Spider:1 | Received a gift from Trog
 28553 | Spider:2 | Noticed Aizul
 28568 | Spider:2 | Killed Aizul
 28669 | Spider:2 | Noticed robotcentaur's ghost (adept TeNe)
 28670 | Spider:2 | Found a transporter.
 28691 | Spider:2 | Found a transporter.
 28711 | Spider:2 | oops
 28712 | Spider:2 | Slain by an emperor scorpion

Illustrated notes

∙ ▒▒▒∙∙∙∙∙∙∙▒▒▒ ∙∙▒
▒▒∙∙∙▒▒▒▒▒∙∙∙▒ ▒~≈
▒▒∙∙▒▒▒∙∙∙▒▒▒∙▒
▒~~▒∙∙▒▒∙∙∙∙∙$∙▒∙▒
▒∙∙∙∙▒∙∙▒∙▒∙∙∙▒∙▒▒
∙∙∙∙∙∙▒∙▒∙∙▒∙▒∙∙∙▒∙∙▒ ▒
▒∙∙∙▒▒▒∙▒▒?∙∙y∙▒∙▒▒∙▒ ▒
∙▒▒▒▒∙▒∙∙▒)s▒s∙∙▒∙▒∙▒ ▒
▒∙▒∙∙∙∙∙∙s▒!s9y▒ ▒∙▒
∙∙∙∙∙∙∙∙∙∙∙▒?▒sys∙∙▒▒∙▒▒
∙∙∙▒∙▒∙∙▒~∙▒▒?▒yWy▒∙▒Ω∙∙▒
▒∙▒ ▒∙▒▒^▒~∙▒ ∙▒∙▒▒∙∙▒▒∙^▒
∙▒▒▒▒∙∙▒∙▒∙∙▒∙▒∙∙∙▒∙∙∙▒∙∙▒
∙∙∙▒∙∙∙▒∙^∙∙▒▒∙∙▒∙s∙∙▒▒∙∙▒
▒∙▒▒∙▒∙∙∙∙∙∙ ∙∙∙Ω∙∙▒▒∙∙∙▒
∙∙∙∙∙▒∙▒∙▒▒▒ ▒▒∙▒▒▒▒▒∙∙∙∙▒
∙∙∙∙▒▒∙∙∙∙▒ ▒∙∙∙∙∙▒∙▒▒


Turn 28711 on Spider:2: oops

Levels and vault maps discovered:
D:1:      giann_forest_graveyard, layout_basic, serial_bayou_lagoon_a
D:2:      minmay_roachtagon, layout_rooms, serial_forest,
          infiniplex_forest_clump_double, infiniplex_forest_pool,
          infiniplex_forest_clump_large, infiniplex_forest_corner_2,
          infiniplex_forest_split, infiniplex_forest_lined_room_,
          infiniplex_forest_clump_diagonal, infiniplex_forest_straight_2,
          infiniplex_forest_split, infiniplex_forest_lined_room_2
D:3:      layout_basic, xom_confusion_cloud, serial_bayou, serial_bayou_pond_d,
          serial_bayou_lake_a, serial_bayou_shore_b, serial_bayou_pond_d,
          nicolae_kite_square_tiling_tiny, feat_on_display
D:4:      layout_gridville, general_overflow_altar, minmay_misc_feat_iff,
          nicolae_specific_store, nicolae_shop_vocational
D:5:      layout_gridville, mainiacjoe_overflow_tiny_flanked,
          gup_ossuary_entry_pyramid, uniq_blork_the_orc
D:6:      layout_rooms, minmay_door_square, uniq_eustachio
D:7:      minmay_blocky_corners, layout_basic, minmay_temple_entry_proselytizer,
          nicolae_stop_n_shop_1
D:8:      minmay_chambers_of_sixes, layout_cave_pools, slow_altar_1,
          nicolae_wu_jian_immortal_techniques
D:9:      layout_long_grid, yredelemnul_altar_generic, grunt_ministairs_11,
          uniq_maurice
D:10:     layout_irregular_city, david_orc_4, dk_noncrumbling_3,
          due_unseen_surprise
D:11:     layout_irregular_city, erik_lair_orcish_takeover
D:12:     layout_loops_cross
D:13:     layout_grid_maze, uniq_sonja
D:14:     layout_basic, david_vaults_2, chequers_serial_rivers_large_b,
          gauntlet_entry_generic, drop_trap
D:15:     gammafunk_enter_depths_forms, layout_rooms,
          portal_ice_cave_entry_pillars_2, cheibrodos_ashenzari_chains,
          uniq_roxanne, uniq_josephine
Lair:1:   layout_roguey, enter_volcano_1, uniq_gastronok
Lair:2:   layout_cave_pods, swamp_mist, uniq_erica, uniq_amaemon, uniq_nergalle
Lair:3:   layout_gridlike, nicolae_spider_entry_lesser_pyramids, basic_altar,
          columned_hall_lemuel, st_stairs_9, beast_lair_carwin_10,
          serial_bayou_shore_b
Lair:4:   layout_regular_city, dpeg_slime_entry_enclosed, beast_lair_carwin_11,
          infiniplex_staircase_pool, uniq_nessos
Lair:5:   grunt_lair_end_beastmaster, layout_hall_layers
Swamp:1:  layout_basic_swamp, serial_swamp_ruin, evilmike_swamp_ruin_house_5,
          evilmike_swamp_ruin_rubble_2, uniq_kirke
Swamp:2:  layout_falls_marsh, nicolae_swamp_trees_clearing,
          lemuel_altar_in_water2, uniq_frances
Swamp:3:  layout_falls_marsh, evilmike_swamp_ruin_house_2, swamp_pool2
Swamp:4:  byrel_swamp_growth_death_and_undeath, layout_basic_swamp, uniq_mara
Spider:1: layout_spider_delve
Spider:2: layout_spider_delve, gammafunk_ghost_berserking_beasts, uniq_aizul
Orc:1:    layout_caves
Orc:2:    pf_orc_diabolical, layout_diamond_mine, basic_altar, special_room

Skill      XL: |  1  2  3  4  5  6  7  8  9 10 11 12 13 14 15 16 17 18 |
---------------+-------------------------------------------------------+-----
Maces & Flails | 4 5 6 7 9 10 12 14 15 16 18 19 20 | 20.9
Dodging        | 2 3 4 |  4.2
Armour         | 3 4 6 7 8 10 11 13 14 15 16 17 | 17.9
Fighting       | 4 5 6 7 9 11 13 15 17 18 20 | 20.0
Shields        | 1 2 3 |  3.9
Stealth        | 1 2 3 |  3.6
Evocations     | 3 5 6 |  6.0
Throwing       | |  0.3

Action                     |  1- 3 |  4- 6 |  7- 9 | 10-12 | 13-15 | 16-18 || total
---------------------------+-------+-------+-------+-------+-------+-------++-------
  Melee: Mace              |   119 |    10 |       |       |       |       ||   129
         Flail             |       |   189 |   411 |    27 |       |       ||   627
         Punch             |       |     3 |     6 |       |     2 |     5 ||    16
         Dire flail        |       |       |       |   769 |   140 |       ||   909
         Great mace        |       |       |       |       |   944 |   846 ||  1790
         Demon whip        |       |       |       |       |    87 |       ||    87
         Eveningstar       |       |       |       |       |       |   244 ||   244
  Throw: Throwing net      |       |       |       |     6 |       |       ||     6
 Invoke: Berserk           |       |     4 |     4 |     7 |    10 |     5 ||    30
         Brothers in Arms  |       |       |       |     1 |     2 |     2 ||     5
         Trog's Hand       |       |       |       |     1 |     1 |     1 ||     3
  Evoke: Wand              |       |       |       |     1 |       |     9 ||    10
    Use: Scroll            |     4 |     9 |     4 |     4 |     8 |     9 ||    38
         Potion            |       |       |       |     2 |       |     2 ||     4
   Stab: Sleeping          |     1 |       |       |       |       |       ||     1
         Held in net/web   |       |       |       |     3 |       |       ||     3
         Petrified         |       |       |       |       |     5 |       ||     5
         Confused          |       |       |       |       |       |     1 ||     1
 Armour: Animal skin       |    51 |       |       |       |       |       ||    51
         Ring mail         |       |    18 |       |       |       |       ||    18
         Chain mail        |       |   110 |   217 |       |       |       ||   327
         Plate armour      |       |       |    20 |   325 |   694 |  1062 ||  2101
  Dodge: Dodged            |   117 |   164 |   171 |   400 |   698 |   603 ||  2153
  Block: Other             |       |     7 |   101 |    29 |       |       ||   137
         Reflection        |       |       |     1 |     1 |       |       ||     2
